 Dungeon Crawl Stone Soup version 0.16.1-18-g436b03c (webtiles) character file.

1172 Leviathan2552 the Ruffian (level 8, -2/69 HPs)
             Began as a Minotaur Monk on May 2, 2015.
             Was a Priest of Yredelemnul.
             Killed by divine providence
             ... invoked by an orc priest
              (12 damage)
             ... on level 6 of the Dungeon.
             The game lasted 00:24:01 (3570 turns).

Leviathan2552 the Ruffian (Minotaur Monk)           Turns: 3570, Time: 00:24:03

Health: -2/69      AC:  8    Str: 18    XL:     8   Next: 18%
Magic:  9/9        EV: 12    Int:  7    God:    Yredelemnul [***...]
Gold:   285        SH:  0    Dex: 13    Spells: 0 memorised, 7 levels left

rFire  . . .     SeeInvis .       - Unarmed
rCold  . . .     Clarity  .     e - +0 scale mail
rNeg   + . .     SustAb   .     (no shield)
rPois  .         Gourm    .     (helmet restricted)
rElec  .         Spirit   .     (no cloak)
rCorr  .         Warding  .     (no gloves)
rMut   .         Stasis   .     o - +0 pair of boots
MR     .....                    (no amulet)
Stlth  ..........               j - ring of positive energy
                                y - ring of flight

@: not resistant to hostile enchantments, extremely unstealthy
A: retaliatory headbutt, horns 2
a: Animate Dead, Recall Undead Slaves, Injury Mirror, Renounce Religion, Evoke
Flight


You were on level 6 of the Dungeon.
You worshipped Yredelemnul.
Yredelemnul was most pleased with you.
You were not hungry.

You visited 1 branch of the dungeon, and saw 4 of its levels.
You also visited: Sewer.

You collected 285 gold pieces.

Inventory:

Armour
 e - a +0 scale mail (worn)
 o - a +0 pair of boots (worn)
Jewellery
 h - an uncursed ring of protection from cold
 j - a ring of positive energy (right hand)
 y - a ring of flight (left hand)
Scrolls
 a - a scroll of identify {unknown}
 c - 2 scrolls of amnesia {unknown}
 d - 2 scrolls of fog {unknown}
 f - 2 scrolls of teleportation {unknown}
 g - a scroll of fear {unknown}
 i - 2 scrolls of remove curse {unknown}
 l - a scroll of noise {unknown}
 m - 2 scrolls of enchant weapon {unknown}
 p - 2 scrolls of recharging {unknown}
 v - a scroll of magic mapping {unknown}
Potions
 k - 4 potions of curing {unknown}
 n - a potion of might {unknown}
 s - a potion of flight {unknown}
 t - 2 potions of agility {unknown}
 u - a potion of haste {unknown}
 w - a potion of berserk rage {unknown}
Books
 x - a book of Control

   Spells                             Type                      Level
   a - Control Teleport               Charms/Translocation         4
   b - Control Undead                 Necromancy                   4
   c - Enslavement                    Hexes                        4
   d - Metabolic Englaciation         Hexes/Ice                    5
   e - Mass Confusion                 Hexes                        6
Comestibles
 b - 4 bread rations
 q - a meat ration
 r - a beef jerky


   Skills:
 + Level 5.6 Fighting
 + Level 3.9 Armour
 + Level 5.2 Dodging
 - Level 1.5 Stealth
 * Level 7.5 Unarmed Combat
 * Level 4.6 Invocations


You had 7 spell levels left.
You didn't know any spells.

Dungeon Overview and Level Annotations

Branches:
Dungeon (6/15)
 Temple: D:4-7

Altars:
Dithmenos
Fedhas
Gozag
Makhleb
Trog
Vehumet
Yredelemnul


Innate Abilities, Weirdness & Mutations

You reflexively headbutt those who attack you in melee.
You have a pair of horns on your head.


Message History

* * * LOW HITPOINT WARNING * * *
You hit the orc. You headbutt the orc.
You kill the orc!
Yredelemnul accepts your kill. The orc warrior barely misses you.
You hit the orc warrior but do no damage.
The orc warrior is moderately wounded.
You hit the orc warrior but do no damage.
You headbutt the orc warrior, but do no damage.
The orc warrior is moderately wounded.
The orc warrior closely misses you.
You hit the orc warrior but do no damage.
You headbutt the orc warrior!
The orc warrior is severely wounded.
The orc hits you with a flail.
* * * LOW HITPOINT WARNING * * *
The orc priest invokes the aid of Beogh against you.
Something smites you!
You die...
Your body rises from the dead as a mindless zombie.

...#####............#
#..# ...#
##...........#####..
#..#
#..................
#..##
##..#####...........
#...## #..##
###....>....
..#..###.##
##.........
#####....#
#.o..#..... # #.##.##
##oo#####.. #.###.##
#@o## . #.# ##.# ####
#.# ### ###


You could see an orc warrior, 2 orc priests and an orc.

Vanquished Creatures
  Purgy (Sewer)
  An ice beast (D:6)
  A sky beast (D:6)
  2 black bears (D:6)
  A centaur (D:6)
  2 giant frogs (D:6)
  A jelly (D:6)
  A scorpion (D:6)
  A crimson imp (D:6)
  A hound (D:3)
  A giant frog skeleton (D:6)
  A centaur skeleton (D:3)
  An iguana (D:6)
  2 worker ants (D:6)
  A hound skeleton (D:3)
  Terence (D:2)
  A worker ant zombie (D:3)
  2 adders
  A giant mite (D:6)
  2 giant geckos
  2 orcs
  13 bats
  A bat skeleton (D:3)
  3 giant cockroaches
  7 goblins
  9 hobgoblins
  A quokka (D:3)
  A giant spore (D:6)
  6 kobolds
  4 rats
  A ballistomycete (D:6)
  A plant (D:2)
74 creatures vanquished.

Vanquished Creatures (collateral kills)
  A sky beast (D:6)
  A black bear (D:6)
  A giant frog (D:6)
  A hound zombie (D:6)
  A giant mite (D:6)
  A hobgoblin (D:3)
  A giant newt (D:3)
  A kobold (D:6)
  2 rats (D:6)
10 creatures vanquished.

Vanquished Creatures (others)
  A black bear zombie (D:6)
  A scorpion zombie (D:6)
  A hobgoblin (D:3)
  A giant newt zombie (D:3)
  A hobgoblin zombie (D:3)
  2 kobold skeletons (D:6)
7 creatures vanquished.

Grand Total: 91 creatures vanquished

Notes
Turn   | Place    | Note
--------------------------------------------------------------
     0 | D:1      | Leviathan2552, the Minotaur Monk, began the quest for the Orb.
     0 | D:1      | Reached XP level 1. HP: 19/19 MP: 1/1
   481 | D:1      | Reached XP level 2. HP: 27/27 MP: 1/1
  1036 | D:2      | Noticed Terence
  1047 | D:2      | Reached skill level 5 in Unarmed Combat
  1051 | D:2      | Killed Terence
  1051 | D:2      | Reached XP level 3. HP: 25/33 MP: 2/2
  1077 | D:2      | Found a basalt altar of Yredelemnul.
  1105 | D:2      | Became a worshipper of Yredelemnul the Dark
  1105 | D:2      | Acquired Yredelemnul's first power
  1105 | D:2      | Acquired Yredelemnul's second power
  1348 | D:2      | Found a shadowy altar of Dithmenos.
  1405 | D:2      | You fall through a shaft!
  1405 | D:3      | Found a radiant altar of Vehumet.
  1443 | D:3      | Found a blossoming altar of Fedhas.
  1475 | D:3      | Found an opulent altar of Gozag.
  1638 | D:3      | Reached skill level 1 in Invocations
  1638 | D:3      | Reached XP level 4. HP: 40/40 MP: 2/2
  1662 | D:3      | Found a burning altar of Makhleb.
  1766 | D:3      | Reached skill level 1 in Armour
  1867 | D:3      | Reached XP level 5. HP: 26/46 MP: 3/3
  2049 | D:3      | Found a glowing drain.
  2168 | Sewer    | Entered a sewer
  2198 | Sewer    | Noticed Purgy
  2218 | Sewer    | Killed Purgy
  2218 | Sewer    | Reached skill level 6 in Unarmed Combat
  2291 | D:3      | You fall through a shaft!
  2291 | D:6      | Noticed a black bear
  2313 | D:6      | Killed a black bear
  2313 | D:6      | Reached XP level 6. HP: 42/53 MP: 5/5
  2433 | D:6      | Noticed a sky beast
  2452 | D:6      | Killed a sky beast
  2491 | D:6      | Noticed a black bear
  2524 | D:6      | Killed a black bear
  2524 | D:6      | Reached XP level 7. HP: 54/60 MP: 5/7
  2567 | D:6      | Reached skill level 5 in Fighting
  2726 | D:6      | Reached skill level 7 in Unarmed Combat
  2803 | D:6      | Acquired Yredelemnul's third power
  2833 | D:6      | Reached skill level 5 in Dodging
  2869 | D:6      | Found a bloodstained altar of Trog.
  2974 | D:6      | Noticed an ice beast
  2987 | D:6      | Killed an ice beast
  3070 | D:6      | Noticed a black bear
  3078 | D:6      | Killed a black bear
  3078 | D:6      | Reached XP level 8. HP: 61/69 MP: 9/9
  3138 | D:6      | Noticed a sky beast
  3162 | D:6      | Killed a sky beast
  3570 | D:6      | Killed from afar by an orc priest

Action                   |  1- 3 |  4- 6 |  7- 9 || total
-------------------------+-------+-------+-------++-------
Melee: Unarmed           |   118 |    86 |    78 ||   282
Invok: Animate Remains   |     2 |     1 |     1 ||     4
       Injury Mirror     |       |     1 |       ||     1
       Animate Dead      |       |       |     2 ||     2
       Recall Undead Sla |       |       |     1 ||     1
  Eat: Chunk             |     2 |     3 |     4 ||     9
